Unix NetHack Version 5.0.0-0 post-release - last build Jun 10 2026 00:39:30 (3ee93aec679c4c4259841fe613dc97188e26a321,branch:main).

Game began 2026-06-26 08:57:04, ended 2026-07-11 17:33:32.

GdeVolpiano, lawful male dwarven Caveman

 }}}}}}}}}}}}}}}}}}}}}}}}}}}}}}}}}}}}}}}}}}}}}}}}}}}}}}}}}}}}}}}}}}}}h}}
 }....}..................................}.............................}
 }....}.........%.....^.(................}.....*.......................}
 }...&}...(..............................}...................v....._...}
 }....}.........................&........}....gggg.gE.............D....}
 }....}....}}}}}}}}}}}....}}}}}}}}}}}}}}}}...g}}}}}}....}...0}}}}}..}}.}
 }....}.........}^)..}....}.^3hgggqg.H......g.}..).}...................}
 }....}...).....}...Q}....}@HQqH4.D%.@g....g..}%)..}.}}}}}}}}}}}.......}
 }....}..*..)...}...q}....}qq@a4ggg&5.H..g....}....}.}}}}}}}}}}}.......}
 }....}...)^@)..}....}...3}.DYBg.gqOgc&.......}Q...}.}}N@.UH.Q}}.......}
 }0...}}}}}}....}....}.^..}QQ..E}}}D}D}}}}}}}}}...OD)}}.H^^^@.}}.}.....}
 }..........)........}...@.5.....5.5.55UDz&.@dH...B}.}}&.^H&O.}}.......}
 }...................}........1&.....22.%&.UqQ.....}.}}@.H^^wY}}.......}
 }...................}................a..@YUz&.....}.}}f&...@.}}......@}
 }...................}..............e......@.c&....}.}}}}}}}}}}}.......}
 }}}}}}}}}}}}}}}}}}}}}}}}}}}}}}}}}}}}}}}}}}}}J}}}}}}.}}}}}}}}}}}.}}}}}}}
                                                    .........HQ'.

GdeVolpiano the Rover    St:18/79 Dx:20 Co:19 In:14 Wi:16 Ch:16  Lawful
Dlvl:50 $:51 HP:0(256) Pw:58(58) AC:-6 Xp:28 T:85226 

Latest messages:
 The owlbear misses!
 The owlbear hits!
 The owlbear misses!
 The baluchitherium hits!
 The baluchitherium hits again!
 The killer bee misses!
 The vampire bat misses!
 The vampire bat misses!
 The titanothere hits!
 The ettin hits!
 The ettin hits again!
 The vampire bat bites!
 The vampire bat misses!
 z - a blessed double-headed axe named Cleaver.
 j - a blessed fireproof +4 elven leather helm.
 m - an uncursed rustproof +4 pair of gauntlets of power.
 T - an uncursed fireproof +4 pair of water walking boots.
 n - an uncursed fireproof +4 cloak of displacement.
 The genetic engineer hits!
 The owlbear hits!
 The owlbear misses!
 The baluchitherium hits!
 The baluchitherium hits again!
 The killer bee stings!
 The vampire bat bites!
 The vampire bat misses!
 The titanothere hits!
 The ettin misses!
 The ettin hits!
 The killer bee stings!
 The vampire bat misses!
 The vampire bat bites!
 The silver dragon bites!
 The silver dragon hits!
 The silver dragon hits again!
 The genetic engineer hits!
 You are subjected to a freakish metamorphosis.
 Your skin returns to its original form.
 You feel like a new dwarf!
 The owlbear misses!
 The owlbear hits!
 The baluchitherium hits!
 The baluchitherium hits again!
 You die...
 Do you want your possessions identified? [ynq] (y)
 Do you want to see your attributes? [ynq] (y)
 Do you want an account of creatures vanquished? [ynaq] (y)
 Do you want a list of species genocided and extinct? [ynaq] (y)
 Do you want to see your conduct and achievements? [ynq] (y)
 Do you want to see the dungeon overview? [ynq] (y)

Inventory:
 Coins    ('$')
  $ - 51 gold pieces
 Amulets  ('"')
  d - a blessed amulet of magical breathing (being worn)
 Weapons  (')')
  I - 6 blessed +4 spears (at the ready)
  z - the blessed rustproof +5 Cleaver
 Armor    ('[')
  j - a blessed fireproof +4 elven leather helm
  m - an uncursed rustproof +4 pair of gauntlets of power
  T - an uncursed fireproof +4 pair of water walking boots
  G - an uncursed +4 shield of reflection (alternate weapon; not wielded)
  n - an uncursed fireproof +4 cloak of displacement
  r - a blessed greased rotproof +4 set of black dragon scales (being worn)
 Rings    ('=')
  i - a blessed ring of free action (on left hand)
  f - a cursed ring of invisibility
  h - an uncursed ring of teleport control (on right hand)
 Wands    ('/')
  g - a wand of create monster (0:11)
  U - a wand of death (0:0)
  D - a wand of polymorph (0:4)
  e - a wand of striking (0:3)
 Tools    ('(')
  B - a blessed oilskin sack containing 2 items
  k - an uncursed skeleton key
  H - a +0 unicorn horn
 Gems/Stones  ('*')
  O - a blessed luckstone
  Z - an uncursed touchstone

Contents of the oilskin sack:
  a blessed scroll of remove curse
  a blessed bag of holding containing 86 items

Contents of the bag of holding:
  4020 gold pieces
  a blessed amulet of flying
  a blessed amulet of life saving
  an uncursed amulet of magical breathing
  the +3 Demonbane
  the rustproof +2 Ogresmasher
  the blessed +0 Sunsword
  a cursed -1 helm of opposite alignment
  a blessed fireproof +4 pair of speed boots
  an uncursed apple
  3 uncursed C-rations
  an uncursed carrot
  an uncursed cram ration
  an uncursed eucalyptus leaf
  6 uncursed food rations
  9 uncursed K-rations
  7 uncursed lembas wafers
  4 uncursed tripe rations
  2 blessed tins of nurse meat
  an uncursed tin of nurse meat
  an uncursed tin of yellow dragon meat
  an uncursed lizard corpse
  4 uncursed lizard corpses
  a blessed scroll of charging
  an uncursed scroll of charging
  an uncursed scroll of create monster
  5 uncursed scrolls of gold detection
  3 blessed scrolls of remove curse
  2 uncursed scrolls of teleportation
  a cursed scroll of teleportation
  an uncursed potion of enlightenment
  4 uncursed potions of extra healing
  2 blessed potions of full healing
  an uncursed potion of full healing
  an uncursed potion of healing
  2 blessed potions of speed
  an uncursed potion of speed
  6 potions of holy water
  2 potions of unholy water
  a wand of cold (0:1)
  a wand of create monster (0:11)
  a wand of death (0:0)
  a wand of digging (0:5)
  a wand of digging (0:4)
  a wand of digging (0:3)
  a wand of digging (0:2)
  a wand of digging (0:1)
  a wand of digging (0:1)
  a wand of fire (0:3)
  a wand of light (0:14)
  a wand of lightning (0:4)
  a wand of magic missile (0:7)
  a wand of make invisible (0:8)
  a wand of opening (0:6)
  a wand of secret door detection (0:11)
  a wand of speed monster (0:6)
  a blessed wand of striking (0:0)
  a wand of striking (0:3)
  a wand of teleportation (0:8)
  a wand of teleportation (0:4)
  a wand of teleportation (0:4)
  an expensive camera (0:42)
  a blessed magic lamp
  an uncursed magic whistle
  an uncursed towel
  4 uncursed agate stones
  8 uncursed amber stones
  12 uncursed amethyst stones
  6 uncursed aquamarine stones
  5 uncursed black opals
  5 uncursed chrysoberyl stones
  4 uncursed citrine stones
  6 uncursed diamonds
  7 uncursed emeralds
  5 uncursed fluorite stones
  13 uncursed garnet stones
  an uncursed jacinth stone
  an uncursed jade stone
  11 uncursed jasper stones
  8 uncursed jet stones
  8 uncursed obsidian stones
  6 uncursed opals
  4 uncursed rubies
  13 uncursed sapphires
  an uncursed topaz stone
  7 uncursed turquoise stones

GdeVolpiano the Caveman's attributes:

Background:
 You were a Rover, a level 28 dwarven Caveman.
 You were lawful, on a mission for Anu
 who was opposed by Ishtar (neutral) and Anshar (chaotic).
 You were right-handed.
 You were in Gehennom, on level 50.
 You entered the dungeon 85226 turns ago.
 You had 87289856 experience points, 2710144 more were needed for level 29.

Basics:
 You had 0 out of 256 hit points.
 You had all 58 energy points (spell power).
 Your armor class was -6.
 Your wallet contained 51 zorkmids, and
 you had 4020 more stashed away in your pack.
 Autopickup was on for '$?!/="+' plus thrown, with exceptions.

Final Characteristics:
 Your strength was 18/79 (peak:18/100, limit:18/100).
 Your dexterity was 20 (limit:20).
 Your constitution was 19 (peak:20, limit:20).
 Your intelligence was 14 (peak:16, limit:16).
 Your wisdom was 16 (limit:16).
 Your charisma was 16 (limit:16).

Final Status:
 You weren't hungry.
 You were unencumbered.
 You were bare handed.
 You had basic skill with bare handed combat.

Final Attributes:
 You were piously aligned.
 You were fire resistant.
 You were cold resistant.
 You were sleep resistant.
 You were disintegration resistant.
 Your items were protected from disintegration.
 You were shock resistant.
 You were poison resistant.
 You were level-drain resistant.
 You saw invisible.
 You were telepathic.
 You were warned.
 You had infravision.
 You were invisible to others.
 You were stealthy.
 You could teleport.
 You had teleport control.
 You could survive without air.
 You had a moderate defense bonus (+9).
 You were warded.
 You had free action.
 You were extremely lucky.
 You had extra luck.
 Good luck did not time out for you.
 You are dead.

Miscellaneous:
 You encountered 3 bones levels.
 Total elapsed playing time was 22 hours, 12 minutes and 5 seconds.

Major events:
 Turn
    1: GdeVolpiano the lawful dwarven Caveman entered the dungeon
  451: entered the Gnomish Mines
 1230: attained the rank of Aborigine (level 3)
 1316: reached Mine Town
 3455: attained the rank of Wanderer (level 6)
 4820: was bestowed with Demonbane by Anu
 9205: attained the rank of Vagrant (level 10)
 9235: was bestowed with Ogresmasher by Anu
10138: entered Sokoban
11221: completed 1st Sokoban level
11480: completed 2nd Sokoban level
11766: completed 3rd Sokoban level
13392: completed 4th Sokoban level
13586: acquired the Sokoban amulet of reflection
14920: found Cleaver on the floor
15534: made his first wish - "blessed greased rustproof +2 Black Dragon Scale Mail", got "a greased black dragon scale mail"
15991: acquired the Mines' End luckstone
23927: entered Home 1, the Quest
28348: Asidonhopo, the general store proprietor, has been killed
28929: attained the rank of Wayfarer (level 14)
30047: Shaman Karnov has granted access to proceed deeper into the quest
34690: declined to perform class genocide
38895: entered Home 2, the Quest
39072: entered Home 3, the Quest
39186: entered Home 4, the Quest
39326: entered Home 5, the Quest
39350: found the Sceptre of Might on the floor
39375: killed the Chromatic Dragon
39376: acquired the Bell of Opening
41820: wished for "blessed erodeproof bag of holding", got "a bag"
42579: Wonotobo, the general store proprietrix, has been killed
44491: killed Medusa
44918: found Sunsword on the floor
44928: entered Gehennom
47007: attained the rank of Roamer (level 18)
47674: wished for "magic marker", got "a magic marker"
47676: wished for "blessed erodeproof ring of teleport control", got "a ring of teleport control"
47915: wished for "magic marker", got "a magic marker"
48304: performed his first genocide (class L)
52090: killed Juiblex
53467: killed Asmodeus
55728: killed Yeenoghu
55953: bribed Baalzebub with 114 zorkmids for safe passage
56482: attained the rank of Nomad (level 22)
68026: genocided class R
70888: killed Orcus
71385: destroyed Vlad the Impaler
71392: acquired the Candelabrum of Invocation
80005: killed the Wizard of Yendor
80011: acquired the Book of the Dead
80316: performed the invocation
80531: killed the high priest of Moloch
81329: killed the Wizard of Yendor (2nd time)
81870: killed the Wizard of Yendor (3rd time)
81907: the Wizard of Yendor has been killed (5th time)
82500: attained the rank of Rover (level 26)
85226: killed by a baluchitherium

Spells:
 Name                 Level Category     Fail Retention
 force bolt             1   attack        61%    (gone)

Skills:
 Fighting Skills
   bare handed combat [Basic]
 Weapon Skills
   dagger             [Unskilled]
   knife              [Unskilled]
   axe                [Skilled]
   pick-axe           [Basic]
   club               [Skilled]
   mace               [Expert]
   morning star       [Unskilled]
   flail              [Unskilled]
   hammer             [Unskilled]
   quarterstaff       [Unskilled]
   polearms           [Unskilled]
   spear              [Expert]
   trident            [Unskilled]
   bow                [Unskilled]
   sling              [Basic]
   boomerang          [Unskilled]
   unicorn horn       [Unskilled]
 Spellcasting Skills
   attack spells      [Unskilled]
   matter spells      [Unskilled]

Voluntary challenges:
 Character rerolling was not enabled.
 You genocided 6 types of monsters.
 You used 5 wishes.
 You did not wish for any artifacts.
 You did not violate any of the special Sokoban rules.
Achievements:
 You entered the Gnomish Mines.
 You attained the rank of Aborigine.
 You entered Minetown.
 You entered a shop.
 You attained the rank of Wanderer.
 You attained the rank of Vagrant.
 You entered Sokoban.
 You completed Sokoban.
 You completed the Gnomish Mines.
 You attained the rank of Wayfarer.
 You entered a temple.
 You handled the Bell of Opening.
 You defeated Medusa.
 You entered Gehennom.
 You learned the tune to open and close the Castle's drawbridge.
 You attained the rank of Roamer.
 You attained the rank of Nomad.
 You handled the Candelabrum of Invocation.
 You handled the Book of the Dead.
 You gained access to Moloch's Sanctum.
 You attained the rank of Rover.

 The Dungeons of Doom: levels 1 to 28
    Level 1:
       Some fountains, a sink.
    Level 2:
       Some fountains.
       Stairs down to The Gnomish Mines.
    Level 3: "vault"
       A general store.
    Level 4:
       Many fountains, a sink, a grave.
       Final resting place for
          atorox-Tou-Hum-Mal-Neu, killed by a giant bat.
    Level 5: "vault"
       Some fountains, a grave.
    Level 6:
       A fountain.
    Level 7:
       Some fountains.
       Final resting place for
          jannesarvikivi-Sam-Hum-Mal-Law, killed by a gnome lord.
    Level 8:
       Many fountains.
       Oracle of Delphi.
    Level 9:
       A fountain.
       Stairs up to Sokoban, level 8.
    Level 10:
    Level 11:
    Level 12:
    Level 13:
       A grave.
    Level 14:
       Summoned by Shaman Karnov.
       Portal to The Quest.
    Level 15:
    Level 16:
       Some fountains.
    Level 17:
       A primitive area.
    Level 18:
       Some fountains.
    Level 19:
       A fountain, a sink.
    Level 20:
       Many graves.
    Level 21:
       A throne.
    Level 22:
       A general store, a grave.
    Level 23:
       A temple and an altar to Anu, some fountains.
    Level 24:
    Level 25:
       An altar to Anu, some fountains.
    Level 26:
       A fountain, many trees.
    Level 27:
    Level 28:
       A throne, a fountain.
       The castle (play notes "CECAD" to open or close drawbridge).
       Connection to Gehennom.
 Gehennom: levels 29 to 51
    Level 29:
       A temple and an altar, many graves.
       Valley of the Dead.
    Level 30:
    Level 31:
    Level 32:
       A fountain.
    Level 33:
    Level 34:
    Level 35:
    Level 36:
    Level 37:
    Level 38:
    Level 39:
    Level 40:
       Some shops, an altar, many graves.
       Stairs up to Vlad's Tower, level 39.
    Level 41:
    Level 42:
    Level 43:
    Level 44:
    Level 45:
    Level 46:
    Level 47:
    Level 48:
    Level 49:
    Level 50: <- You were here.
       Final resting place for
          you, killed by a baluchitherium.
    Level 51:
       A temple and an altar, many graves.
       Moloch's Sanctum.
 The Gnomish Mines: levels 3 to 11
    Level 3:
    Level 4:
    Level 5:
       An altar to Anu.
    Level 6:
    Level 7:
    Level 8:
    Level 9:
    Level 10:
       A grave.
       Final resting place for
          gbast73-Bar-Hum-Mal-Neu, killed by an invisible titan.
    Level 11:
 The Quest: levels 1 to 5
    Level 1:
       A temple and an altar to Anu.
       Given quest by Shaman Karnov.
    Level 2:
    Level 3:
    Level 4:
    Level 5:
 Sokoban: levels 8 up to 5
    Level 5:
       Solved.
    Level 6:
       Solved.
    Level 7:
       Solved.
    Level 8:
       Solved.
 Vlad's Tower: levels 39 up to 37
    Level 37:
       A throne.
    Level 38:
    Level 39:


Vanquished creatures:
    Asmodeus
    Orcus
    Yeenoghu
 an erinys
    Juiblex
the Wizard of Yendor (8 times)
    Vlad the Impaler
  a high cleric
  a mastodon
    Medusa
  8 krakens
 14 iron golems
 13 storm giants
  5 glass golems
 11 balrogs
the Chromatic Dragon
 14 purple worms
  2 gray dragons
  7 silver dragons
 14 red dragons
  6 white dragons
  2 orange dragons
  8 black dragons
  7 blue dragons
  7 green dragons
  6 yellow dragons
 20 minotaurs
  9 jabberwocks
  8 baluchitheria
  a demilich
  3 stone golems
  7 master mind flayers
 12 Olog-hai
  8 Nazgul
 18 pit fiends
  2 sandestins
  5 hell hounds
 12 displacer beasts
  4 titanotheres
  4 trappers
  8 baby red dragons
  2 guardian nagas
  8 genetic engineers
  4 disenchanters
 23 vampire leaders
 17 skeletons
  2 shopkeepers
  6 aligned clerics
 10 captains
  6 shades
  3 liches
  5 clay golems
 10 nurses
 13 ice devils
 12 nalfeshnees
  8 lurkers above
  4 Aleaxes
  3 frost giants
 16 ettins
 14 black puddings
 25 vampires
  8 lieutenants
 32 ghosts
 10 winged gargoyles
  8 mind flayers
 18 giant mimics
  7 long worms
 17 zruties
  5 fire giants
 12 ogre tyrants
  8 ice trolls
  7 rock trolls
 11 umber hulks
 11 flesh golems
 17 elven monarchs
  6 doppelgangers
 24 hezrous
 22 bone devils
 10 large mimics
  2 wumpuses
  8 fire vortices
  3 couatls
 11 stalkers
  8 air elementals
 19 fire elementals
 17 earth elementals
  5 water elementals
 52 hill giants
  6 giant mummies
 20 xorns
 25 giant zombies
 28 elf-nobles
 17 sergeants
 21 barbed devils
 53 vrocks
 12 salamanders
 18 wargs
  5 winter wolves
 12 hell hound pups
 18 small mimics
  5 glass piercers
  6 warhorses
  6 steam vortices
 24 xans
  5 ettin mummies
  9 ogre leaders
 15 quantum mechanics
 43 trolls
  2 sasquatches
  3 wood golems
 17 mariliths
  4 sharks
 24 gelatinous cubes
 12 pyrolisks
  7 large dogs
  5 freezing spheres
 11 flaming spheres
  8 shocking spheres
  6 large cats
  3 tigers
  6 gargoyles
  7 dwarf rulers
  7 tengu
 16 ochre jellies
  9 leocrottas
  7 energy vortices
  9 mountain centaurs
  5 stone giants
  6 elf mummies
  5 human mummies
 12 red nagas
  7 green slimes
  4 pythons
  4 pit vipers
  2 cobras
 54 wraiths
 18 carnivorous apes
 23 ettin zombies
  4 leather golems
 19 Grey-elves
 54 soldiers
 13 amorous demons
 16 horned devils
 11 chameleons
  6 crocodiles
 47 giant beetles
 11 quivering blobs
 23 cockatrices
 18 wolves
 17 winter wolf cubs
  5 lynxes
  4 panthers
 18 gremlins
  5 spotted jellies
 32 leprechauns
  9 orc-captains
  3 iron piercers
  3 mumakil
 18 giant spiders
  9 scorpions
  9 horses
  2 ice vortices
 18 black lights
 12 vampire bats
  7 forest centaurs
  4 gnome rulers
  6 orc mummies
  6 dwarf mummies
  6 ogres
 12 brown puddings
  8 rust monsters
 18 owlbears
 16 yetis
  4 gold golems
  3 werewolves
 14 Green-elves
  2 piranha
 11 giant eels
 15 lizards
  8 chickatrices
  2 dingoes
  3 dogs
  3 housecats
 12 jaguars
  3 dwarf leaders
  5 blue jellies
  a white unicorn
  5 gray unicorns
 11 black unicorns
  9 dust vortices
 38 ravens
  9 plains centaurs
  2 gnome mummies
 12 snakes
 28 apes
 33 human zombies
  6 rope golems
 28 Woodland-elves
 33 soldier ants
 30 fire ants
123 bugbears
  4 imps
 16 lemures
 14 quasits
 11 wood nymphs
  7 water nymphs
  6 mountain nymphs
 21 Mordor orcs
 19 Uruk-hai
 13 orc shamans
  9 rock piercers
 12 rock moles
  8 ponies
  4 fog clouds
 13 yellow lights
  5 shriekers
  8 violet fungi
 10 gnome leaders
  5 gnomish wizards
  3 kobold mummies
  8 gray oozes
  7 barrow wights
 11 elf zombies
 16 ghouls
  a straw golem
  7 paper golems
  3 jellyfish
 58 giant ants
  5 little dogs
 12 floating eyes
 11 dwarves
 10 homunculi
  4 kobold leaders
  3 kobold shamans
 51 hill orcs
 37 rothes
  3 rabid rats
  4 centipedes
  7 giant bats
  3 monkeys
 19 orc zombies
 17 dwarf zombies
  3 wererats
  5 werejackals
 19 iguanas
 88 killer bees
  8 acid blobs
  4 coyotes
  6 gas spores
 13 hobbits
  a manes
  7 large kobolds
 18 hobgoblins
 an orc
  3 giant rats
  4 cave spiders
  3 brown molds
  6 yellow molds
  4 green molds
  4 red molds
 37 gnomes
 11 garter snakes
 14 gnome zombies
 15 geckos
 25 jackals
  3 foxes
  5 kobolds
 18 goblins
  3 sewer rats
 10 grid bugs
  6 lichens
 19 kobold zombies
 14 newts
3247 creatures vanquished.

Genocided or extinct species:
 erinyes (extinct)
 arch-liches
 master liches
 demiliches
 Nazgul (extinct)
 disenchanters
 liches
 rust monsters
 bugbears (extinct)
6 species genocided.
3 species extinct.

Game over:
                       ----------
                      /          \
                     /    REST    \
                    /      IN      \
                   /     PEACE      \
                  /                  \
                  |   GdeVolpiano    |
                  |     4071 Au      |
                  |   killed by a    |
                  |  baluchitherium  |
                  |                  |
                  |                  |
                  |       2026       |
                 *|     *  *  *      | *
        _________)/\\_//(\/(/\)/\//\/|_)_______

Goodbye GdeVolpiano the Caveman...

You died in Gehennom on dungeon level 50 with 1867656 points,
and 4071 pieces of gold, after 85226 moves.
You were level 28 with a maximum of 256 hit points when you died.

